 Dungeon Crawl Stone Soup version 0.31.0-4-g52a2dc7128 (webtiles) character file.

Game seed: 8346511878984685905

103 Eitelfritz the Gusty (level 4, 0/24 HPs)
             Began as a Tengu Air Elementalist on Jan 21, 2024.
             Slain by a black bear (3 damage)
             ... on level 3 of the Dungeon.
             The game lasted 00:06:43 (2623 turns).

Eitelfritz the Gusty (Tengu Air Elementalist)       Turns: 2623, Time: 00:06:43

Health: 0/24       AC:  4    Str: 10    XL:     4   Next: 79%
Magic:  1/9        EV: 12    Int: 16    God:
Gold:   108        SH:  5    Dex: 14    Spells: 0/8 levels left

rFire   . . .        a - +0 trident
rCold   . . .        (no shield)
rNeg    . . .        p - +0 robe
rPois   .            n - +1 hat
rElec   .            (no cloak)
rCorr   .            m - +0 pair of gloves
SInv    .            (boots unavailable)
Will    .....        w - amulet of reflection
Stlth   ++           (no ring)
HPRegen 0.24/turn    (no ring)
MPRegen 0.11/turn

%: reflection, acrobat
@: no status effects
A: beak, talons 3, acrobatic
a: no special abilities


You were on level 3 of the Dungeon.
You visited 1 branch of the dungeon, and saw 3 of its levels.

You collected 166 gold pieces.
You spent 58 gold pieces at shops.

Inventory:

Hand Weapons
 a - a +0 trident (weapon)
Armour
 m - a +0 pair of gloves (worn)
 n - a +1 hat (worn)
 p - a +0 robe (worn)
Jewellery
 v - a +4 ring of protection
 w - an amulet of reflection (around neck)
Scrolls
 c - a scroll of vulnerability {unknown}
 g - a scroll of butterflies {unknown}
 h - a scroll of fear {unknown}
 j - a scroll of enchant weapon {unknown}
 l - 3 scrolls of identify {unknown}
 o - 2 scrolls of immolation {unknown}
 q - a scroll of teleportation {unknown}
 r - a scroll of poison {unknown}
 u - a scroll of noise {unknown}
Potions
 b - 2 potions of magic
 d - 2 potions of might {unknown}
 e - 2 potions of enlightenment {unknown}
 f - a potion of heal wounds {unknown}
 i - 2 potions of haste {unknown}
 k - 3 potions of attraction {unknown}
 s - a potion of berserk rage {unknown}
 t - a potion of resistance {unknown}


   Skills:
 + Level 0.2 Polearms
 + Level 2.3 Dodging
 + Level 2.4 Stealth
 + Level 2.8 Spellcasting
 + Level 1.7 Conjurations
 + Level 5.9 Air Magic


You couldn't memorise any spells.
You knew the following spells:

 Your Spells              Type           Power      Damage    Failure   Level
a - Shock                 Conj/Air       56%        1d6       4%          1
b - Static Discharge      Conj/Air       28%        3-5/arc   6%          2
c - Swiftness             Air            21%        N/A       4%          3
d - Sting                 Conj/Alch      20%        1d4       13%         1
e - Summon Small Mammal   Summ           8%         N/A       19%         1

Your spell library contained the following spells:

 Spells                   Type           Power      Damage    Failure   Level
 Airstrike                Air            10%        2d(2-18)  17%         4
 Apportation              Tloc           4%         N/A       19%         1
 Freeze                   Ice            8%         1d3       19%         1
 Necrotise                Necr           8%         1d4       19%         1
 Hailstorm                Conj/Ice       5%         3d5       36%         3
 Frozen Ramparts          Ice            4%         1d1       50%         3


Dungeon Overview and Level Annotations

Branches:
Dungeon (3/15)

Altars:
Cheibriados

Shops:
D:1 [


Innate Abilities, Weirdness & Mutations

You have a beak for a mouth.
You have claws for feet.
You can magically evade attacks while moving or waiting.


Message History

The black bear is moderately wounded.
Your rat barely misses the black bear.
The black bear bites you. You block the black bear's attack.
The black bear claws you.
Your magical contamination has completely faded away.
Unknown command.
Casting: Shock (safe; 4% risk of failure)
Confirm with . or Enter, or press ? or * to list all spells.
The black bear is struck by an arc of lightning.
The black bear is heavily wounded.
Your rat is struck by an arc of lightning.
You kill your rat!
Your rat's corpse disappears in a puff of smoke!
You are struck by an arc of lightning.
The black bear is struck by an arc of lightning.
The black bear is severely wounded.
The lightning grounds out.
The black bear closely misses you. You block the black bear's attack.
The black bear claws you.
Unknown command.
Casting: Static Discharge (safe; 6% risk of failure)
Confirm with . or Enter, or press ? or * to list all spells.
Aiming: Shock (safe; 4% risk of failure)
Press: ? - help, Shift-Dir - straight line, f/p - black bear
Aim: a black bear (severely wounded, 79% to hit)
The zap misses the black bear.
The black bear barely misses you. x2
The black bear claws you.
Unknown command.
You hit the black bear but do no damage.
You claw the black bear.
The black bear is severely wounded.
The black bear goes berserk!
You hit the black bear.
The black bear is almost dead.
The black bear bites you.
The black bear claws you but does no damage.
The black bear claws you.
* * * LOW HITPOINT WARNING * * *
The black bear closely misses you. The black bear claws you.
* * * LOW HITPOINT WARNING * * *
The black bear claws you.
You die...

############
#@......<†.#
#h########.# #.# #.#
######.# #.# ...##.#
######.####
#..##.###..)......##
#..##.##.#.........##
#..##.#.###.........##
##..##.##.#.###.....>.#


You could see a black bear (berserk).

Vanquished Creatures
  Jessica (D:3)
  2 adders (D:3)
  9 orcs
  6 ball pythons
  7 endoplasms
  A giant cockroach (D:3)
  2 goblins
  4 hobgoblins
  A quokka (D:1)
  5 bats
  A frilled lizard (D:3)
  5 kobolds
  5 rats
49 creatures vanquished.

Notes
Turn   | Place    | Note
-------+----------+-------------------------------------------
     0 | D:1      | Eitelfritz the Tengu Air Elementalist began the quest for
                  | the Orb.
     0 | D:1      | Reached XP level 1. HP: 10/10 MP: 4/4
   362 | D:1      | Reached XP level 2. HP: 15/15 MP: 1/6
   904 | D:1      | Found a faded altar of an unknown god.
   946 | D:1      | Found Zucwulopi's Armour Boutique.
   949 | D:1      | Bought a +0 pair of gloves for 58 gold pieces
  1162 | D:2      | Reached XP level 3. HP: 19/19 MP: 2/7
  1323 | D:2      | Learned a level 2 spell: Static Discharge
  1327 | D:2      | Learned a level 3 spell: Swiftness
  1547 | D:2      | Found a snail-covered altar of Cheibriados.
  1938 | D:2      | Reached skill level 5 in Air Magic
  2057 | D:3      | Noticed a black bear
  2093 | D:3      | Reached XP level 4. HP: 24/24 MP: 1/9
  2169 | D:3      | Learned a level 1 spell: Sting
  2171 | D:3      | Learned a level 1 spell: Summon Small Mammal
  2264 | D:3      | Noticed Jessica
  2269 | D:3      | Killed Jessica
  2623 | D:3      | Slain by a black bear

Illustrated notes

Levels and vault maps discovered:
D:1:      elethiomel_arrival_shortcut, layout_basic, serial_shops,
          nicolae_shop_behind_doors, ebering_ecumenical_altar_mist,
          chequers_jeans
D:2:      layout_basic, basic_altar, roderic_st_hans_cross
D:3:      layout_loops_ring, minmay_statues_item, uniq_jessica

Skill      XL: |  1  2  3 |
---------------+----------+-----
Air Magic      | 5 |  5.9
Polearms       | |  0.2
Dodging        | |  2.3
Stealth        | |  2.4
Spellcasting   | |  2.8
Conjurations   | |  1.7

Action                     |  1- 3 |  4- 6 || total
---------------------------+-------+-------++-------
  Melee: Unarmed           |     6 |       ||     6
         Trident           |     5 |    13 ||    18
         Kick              |       |     3 ||     3
         Peck              |       |     1 ||     1
   Cast: Shock             |    53 |    20 ||    73
         Summon Small Mamm |       |     2 ||     2
         Static Discharge  |       |     1 ||     1
 Armour: Robe              |     6 |    17 ||    23
  Dodge: Dodged            |    13 |    19 ||    32
  Block: Other             |       |     4 ||     4
